 Dungeon Crawl Stone Soup version 0.31-a0-95-g6fa058ef04 (webtiles) character file.

Game seed: 13846153732658253421

37 voltaire321 the Chiller (level 3, -4/26 HPs)
             Began as a Demonspawn Ice Elementalist on May 25, 2023.
             Killed from afar by Ijyb (19 damage)
             ... with a bolt of acid
             ... on level 3 of the Dungeon.
             The game lasted 00:02:56 (1904 turns).

voltaire321 the Chiller (DsIE)                      Turns: 1904, Time: 00:02:56

Health: -4/26      AC:  4    Str: 10    XL:     3   Next: 21%
Magic:  3/6        EV: 12    Int: 16    God:
Gold:   144        SH:  0    Dex: 13    Spells: 5/6 levels left

rFire   . . .        j - +2 whip (venom)
rCold   . . .        (no shield)
rNeg    . . .        a - +0 robe
rPois   .            d - +2 hat
rElec   .            (no cloak)
rCorr   .            (no gloves)
SInv    .            (no boots)
Will    .....        (no amulet)
Stlth   ++           (no ring)
HPRegen 0.24/turn    (no ring)
MPRegen 0.20/turn

%: no passive effects
@: very slightly contaminated
A: magic regeneration, weakness stinger 1
a: no special abilities


You were on level 3 of the Dungeon.
You visited 1 branch of the dungeon, and saw 3 of its levels.

You collected 144 gold pieces.

Inventory:

Hand Weapons
 j - a +2 whip of venom (weapon)
Armour
 a - a +0 robe (worn)
 d - a +2 hat (worn)
Scrolls
 c - 3 scrolls of identify {unknown}
 h - a scroll of amnesia {unknown}
 i - 2 scrolls of teleportation {unknown}
 k - a scroll of vulnerability {unknown}
 n - 5 scrolls of fear {unknown}
 o - a scroll of poison {unknown}
 p - 2 scrolls of fog {unknown}
Potions
 b - a potion of magic
 e - a potion of enlightenment {unknown}
 f - a potion of attraction {unknown}
 g - a potion of might {unknown}
 l - a potion of berserk rage {unknown}
 m - a potion of haste {unknown}


   Skills:
 + Level 1.1 Fighting
 + Level 1.0 Armour
 + Level 2.1 Dodging
 - Level 1.7 Stealth
 + Level 2.3 Spellcasting
 + Level 3.8 Ice Magic


You had 5 spell levels left.
You knew the following spells:

 Your Spells              Type           Power      Damage    Failure   Level
a - Freeze                Ice            56%        1d7       4%          1

Your spell library contained the following spells:

 Spells                   Type           Power      Damage    Failure   Level
 Frozen Ramparts          Ice            28%        1d5       12%         3
 Ozocubu's Armour         Ice            14%        N/A       12%         3
 Summon Ice Beast         Ice/Summ       7%         N/A       71%         4


Dungeon Overview and Level Annotations

Branches:
Dungeon (3/15)

Altars:

Annotations:
D:3 Ijyb


Innate Abilities, Weirdness & Mutations

You regenerate magic rapidly.
You have a small tail.


Message History

a +0 short sword; 3 stones; a kobold corpse You barely miss the kobold.
You feel sick. The kobold closely misses you.
You closely miss the kobold.
You feel sick. The kobold completely misses you.
Aiming: Freeze (safe; 4% risk of failure)
Press: ? - help, Q - select action Shift-Dir - straight line, f - kobold
Aim: a kobold, wielding a +0 whip and quivering poisoned darts You freeze the kobold.
The kobold is severely wounded.
You feel sick. The kobold misses you.
Aiming: Freeze (safe; 4% risk of failure)
Press: ? - help, Q - select action Shift-Dir - straight line, f/p - kobold
Aim: a kobold, wielding a +0 whip and quivering poisoned darts (severely wounded)
You freeze the kobold.
You kill the kobold!
You feel sick.
Ijyb zaps a wand.
The bolt of acid misses you.
You feel sick.
You are no longer poisoned.
Ijyb hits you with a +1 dagger of pain.
Things that are here:
a +0 whip; 3 poisoned darts You barely miss Ijyb.
Ijyb hits you with a +1 dagger of pain.
You closely miss Ijyb.
Your tail-slap misses Ijyb.
Ijyb hits you but does no damage.
Aiming: Freeze (safe; 4% risk of failure)
Press: ? - help, Q - select action Shift-Dir - straight line, f - Ijyb
Aim: Ijyb, wielding a +1 dagger of pain, wearing a +0 chain mail and carrying a wand of acid (13)
You freeze Ijyb.
Ijyb is moderately wounded.
Ijyb screams, "Level is mine!
All mine!"
Ijyb closely misses you.
Aiming: Freeze (safe; 4% risk of failure)
Press: ? - help, Q - select action Shift-Dir - straight line, f/p - Ijyb
Aim: Ijyb, wielding a +1 dagger of pain, wearing a +0 chain mail and carrying a wand of acid (13) (moderately wounded)
You miscast Freeze.
You are very lightly contaminated with residual magic.
Nothing appears to happen.
Ijyb screams, "Me stronger than you!"
Ijyb zaps a wand.
The bolt of acid hits you!!
Ouch! That really hurt!
You die...

#### ############ ...#
#....).<...# ...# .
#..........# ...##[.
#......<...# .......
#..........######.......
#..............)@g......
#..........######.......
#..........# ..##...
#..........# .## .
#######..## .# ##.# .#
#. ## ..


You could see Ijyb.

Vanquished Creatures
  A dart slug (D:2)
  5 bats
  3 endoplasms (D:1)
  A giant cockroach (D:2)
  2 goblins
  4 hobgoblins (D:1)
  3 jackals (D:1)
  2 quokkas (D:1)
  3 ball pythons (D:1)
  2 frilled lizards (D:1)
  2 kobolds (D:3)
  3 rats
31 creatures vanquished.

Notes
Turn   | Place    | Note
-------+----------+-------------------------------------------
     0 | D:1      | voltaire321 the Demonspawn Ice Elementalist began the quest
                  | for the Orb.
     0 | D:1      | Reached XP level 1. HP: 13/13 MP: 3/3
   199 | D:1      | Gained mutation: You have a small tail. [demonic ancestry]
   199 | D:1      | Reached XP level 2. HP: 19/20 MP: 0/5
  1132 | D:1      | Reached skill level 1 in Fighting
  1149 | D:1      | Gained mutation: You regenerate magic rapidly. [demonic
                  | ancestry]
  1149 | D:1      | Reached XP level 3. HP: 20/26 MP: 6/6
  1226 | D:1      | Found a faded altar of an unknown god.
  1544 | D:2      | Reached skill level 1 in Armour
  1892 | D:3      | Noticed Ijyb
  1904 | D:3      | Killed from afar by Ijyb

Illustrated notes

Levels and vault maps discovered:
D:1:      elethiomel_arrival_infinity_welcomes_careful_drivers,
          layout_loops_ring, ebering_ecumenical_altar_hall, minmay_pentomino_u2
D:2:      layout_basic, uniq_robin
D:3:      layout_rooms, overflow_temple_1_default, serial_shops,
          nicolae_shop_window_shopping, uniq_ijyb

Skill      XL: |  1  2  3 |
---------------+----------+-----
Dodging        | 2 |  2.1
Fighting       | 1 |  1.1
Armour         | 1 |  1.0
Stealth        | |  1.7
Spellcasting   | |  2.3
Ice Magic      | |  3.8

Action                     || total
---------------------------++-------
  Melee: Unarmed           ||     7
         Whip              ||    23
         Dagger            ||     2
         Tailslap          ||     2
   Cast: Freeze            ||    37
   Stab: Sleeping          ||     1
 Armour: Robe              ||    20
  Dodge: Dodged            ||    51

Table legend: (Time is in decaauts)
 A = Elapsed time spent in this place.
 B = Non-inter-level travel time spent in this place.
 C = Inter-level travel time spent in this place.
 D = Time resting spent in this place.
 E = Time spent auto-exploring this place.
 F = Levels seen in this place.
 G = Mean time per level.
                   A        B        C        D        E       F      G
               +--------+--------+--------+--------+--------+-----+--------+
         Total |   1904 |   1879 |     25 |    238 |   1347 |   3 |  634.7 |
       Dungeon |   1904 |   1879 |     25 |    238 |   1347 |   3 |  634.7 |
               +--------+--------+--------+--------+--------+-----+--------+

Top non-repeatable levels by time:
     D:1: 1268 daAuts
     D:2: 616 daAuts
     D:3: 19 daAuts
